 Dungeon Crawl Stone Soup version 0.29.1-12-g30fa7ad0bf (webtiles) character file.

Game seed: 15381877948439571477

2533 venomsnake the Fighter (level 9, 0/127 HPs)
             Began as a Minotaur Berserker on Dec 26, 2022.
             Was a Priest of Trog.
             Slain by a yak (3 damage)
             ... on level 6 of the Dungeon.
             The game lasted 00:10:57 (5584 turns).

venomsnake the Fighter (Minotaur Berserker)         Turns: 5584, Time: 00:10:57

Health: 0/127      AC: 10    Str: 27    XL:     9   Next: 30%
Magic:  8/8        EV: 10    Int:  4    God:    Trog [***...]
Gold:   285        SH:  0    Dex:  9    Spells: 8/8 levels left

rFire   . . .      SeeInvis .   s - +0 war axe
rCold   + . .      Faith    .   (no shield)
rNeg    . . .      Spirit   .   i - +0 chain mail
rPois   +          Reflect  .   (helmet restricted)
rElec   .          Harm     .   (no cloak)
rCorr   .          Rampage  .   (no gloves)
Will    .....                   (no boots)
Stlth   ..........              (no amulet)
HPRegen 0.31/turn               n - ring of poison resistance
MPRegen 0.11/turn               m - ring of protection from cold

@: berserking, studying Long Blades, very quick
A: horns 2, retaliatory headbutt
a: Renounce Religion, Berserk, Trog's Hand


You were on level 6 of the Dungeon.
You worshipped Trog.
Trog was most pleased with you.
You visited 1 branch of the dungeon, and saw 6 of its levels.

You collected 285 gold pieces.

Inventory:

Hand Weapons
 a - a +0 hand axe
 s - a +0 war axe (weapon)
Missiles
 w - 2 throwing nets (quivered)
Armour
 i - a +0 chain mail (worn)
Jewellery
 k - a ring of positive energy
 m - a ring of protection from cold (right hand)
 n - a ring of poison resistance (left hand)
Wands
 u - a wand of mindburst (11)
 v - a wand of iceblast (11)
Scrolls
 d - a scroll of enchant weapon {unknown}
 e - 4 scrolls of identify {unknown}
 g - a scroll of torment {unknown}
 h - 3 scrolls of noise {unknown}
 j - 2 scrolls of magic mapping {unknown}
 l - a scroll of immolation {unknown}
 o - 2 scrolls of vulnerability {unknown}
 q - 4 scrolls of poison {unknown}
 t - a scroll of fog {unknown}
 x - a scroll of blinking {unknown}
Potions
 b - 2 potions of resistance {unknown}
 c - a potion of curing
 f - 2 potions of magic {unknown}
 p - 3 potions of degeneration {unknown}
 r - 2 potions of haste {unknown}


   Skills:
 * Level 10.2 Fighting
 + Level 7.7 Axes
 + Level 7.1 Armour
 + Level 6.5 Dodging


You had 8 spell levels left.
You didn't know any spells.
Your spell library was empty.

Dungeon Overview and Level Annotations

Branches:
Dungeon (6/15)
 Temple: D:4-7

Altars:
Hepliaklqana
Kikubaaqudgha
Makhleb
Okawaru
Sif Muna
Trog
Xom
Yredelemnul

Annotations:
D:5 2 transporters, Menkaure


Innate Abilities, Weirdness & Mutations

You have a pair of horns on your head.
You reflexively headbutt those who attack you in melee.


Message History

The yak is almost dead.
The yak gores you but does no damage.
You hit the yak but do no damage. You headbutt the yak.
You kill the yak!
Trog accepts your kill.
Your Fighting skill increases to level 10!
Your Armour skill increases to level 7!
You barely miss the yak. The yak closely misses you. You furiously retaliate!
You headbutt the yak. The yak gores you.
You hit the yak but do no damage. You headbutt the yak!
The yak is moderately wounded.
The yak gores you!
You closely miss the yak. Your headbutt misses the yak. You punch the yak.
The yak is heavily wounded.
The yak gores you but does no damage.
You barely miss the yak.
The yak is heavily wounded.
The yak gores you!
You slash the yak!
The yak is almost dead.
The yak barely misses you.
You hit the yak but do no damage. You headbutt the yak.
The yak is almost dead.
The yak barely misses you.
You hit the yak.
You kill the yak!
Trog accepts your kill.
You barely miss the yak. The yak gores you but does no damage.
You barely miss the yak. Your headbutt misses the yak. The yak gores you!
* * * LOW HITPOINT WARNING * * *
The yak gores you!
* * * LOW HITPOINT WARNING * * *
A red film seems to cover your vision as you go berserk!
You feel yourself moving faster!
You feel mighty! The yak gores you!
* * * LOW HITPOINT WARNING * * *
You barely miss the yak. Your headbutt misses the yak.
You hit the yak but do no damage. You headbutt the yak!
The yak is moderately wounded.
The yak gores you.
You die...

# #.###.### #
#...>..<#####..#
####?##...@YW..#
#######.##


You could see a yak and a phantom.

Vanquished Creatures
  2 slime creatures (D:5)
  5 yaks (D:6)
  Edmund (D:4)
  Duvessa (D:5)
  A centaur (D:4)
  A phantom (D:4)
  2 ogres
  3 kobold brigands (D:5)
  A necrophage (D:5)
  Dowan (D:5)
  3 howler monkeys
  3 hounds (D:5)
  5 jellies (D:5)
  Jessica (D:2)
  Terence (D:2)
  4 gnolls (D:5)
  5 adders
  2 ufetubi (D:5)
  A worm (D:2)
  8 dart slugs
  8 orcs
  3 ball pythons
  5 bats
  11 endoplasms
  7 giant cockroaches
  6 hobgoblins
  8 jackals
  6 quokkas
  A frilled lizard (D:2)
  4 goblins
  A hobgoblin zombie (D:4)
  8 kobolds
  4 rats
123 creatures vanquished.

Vanquished Creatures (others)
  9 fungi (D:5)
  6 toadstools (D:5)
15 creatures vanquished.

Grand Total: 138 creatures vanquished

Notes
Turn   | Place    | Note
-------+----------+-------------------------------------------
     0 | D:1      | venomsnake the Minotaur Berserker began the quest for the
                  | Orb.
     0 | D:1      | Reached XP level 1. HP: 19/19 MP: 0/0
   594 | D:1      | Reached XP level 2. HP: 27/27 MP: 1/1
   690 | D:1      | Reached skill level 4 in Fighting
   725 | D:1      | Found a faded altar of an unknown god.
   965 | D:1      | Reached XP level 3. HP: 33/33 MP: 2/2
  1497 | D:2      | Noticed Jessica
  1504 | D:2      | Killed Jessica
  1505 | D:2      | Reached XP level 4. HP: 40/41 MP: 3/3
  1564 | D:2      | Noticed Terence
  1579 | D:2      | Killed Terence
  1579 | D:2      | Reached ** piety under Trog
  1580 | D:2      | Reached skill level 5 in Fighting
  2250 | D:3      | Reached XP level 5. HP: 48/48 MP: 4/4
  2633 | D:4      | Noticed a phantom
  2652 | D:4      | Killed a phantom
  2699 | D:4      | Noticed Edmund
  2699 | D:4      | Found a hazy altar of Hepliaklqana.
  2699 | D:4      | Found a shimmering blue altar of Sif Muna.
  2699 | D:4      | Found a shimmering altar of Xom.
  2699 | D:4      | Found a burning altar of Makhleb.
  2699 | D:4      | Found an iron altar of Okawaru.
  2726 | D:4      | Noticed an ogre
  2742 | D:4      | Killed an ogre
  2743 | D:4      | Reached skill level 6 in Fighting
  2743 | D:4      | Reached skill level 5 in Axes
  2743 | D:4      | Reached XP level 6. HP: 32/57 MP: 5/5
  3067 | D:4      | Killed Edmund
  3548 | D:4      | Found a bloodstained altar of Trog.
  3697 | D:4      | Reached XP level 7. HP: 59/64 MP: 6/6
  4212 | D:5      | Entered Level 5 of the Dungeon
  4225 | D:5      | Identified the +4 whip "Cekem" {drain, rF- Str+3 Dex+6}
  4263 | D:5      | Reached skill level 7 in Fighting
  4409 | D:5      | Found a transporter.
  4413 | D:5      | Noticed a vampire
  4427 | D:5      | Reached skill level 5 in Armour
  4507 | D:5      | Reached *** piety under Trog
  4775 | D:5      | Reached skill level 8 in Fighting
  4775 | D:5      | Reached skill level 5 in Dodging
  4775 | D:5      | Reached XP level 8. HP: 65/74 MP: 7/7
  4927 | D:5      | Noticed a slime creature
  4942 | D:5      | Killed a slime creature
  4978 | D:5      | Noticed a slime creature
  5193 | D:5      | Killed a slime creature
  5194 | D:5      | Reached skill level 9 in Fighting
  5277 | D:5      | Found a transporter.
  5277 | D:5      | Found an ancient bone altar of Kikubaaqudgha.
  5281 | D:5      | Noticed Menkaure
  5287 | D:5      | Found a basalt altar of Yredelemnul.
  5417 | D:5      | Noticed Duvessa
  5417 | D:5      | Noticed Dowan
  5430 | D:5      | Killed Duvessa
  5432 | D:5      | Killed Dowan
  5553 | D:6      | Reached XP level 9. HP: 85/85 MP: 8/8
  5573 | D:6      | Reached skill level 10 in Fighting
  5582 | D:6      | HP: 3/127 [yak (8)]
  5584 | D:6      | Slain by a yak

Illustrated notes

Levels and vault maps discovered:
D:1:      dpeg_arrival_yet_another_circle, layout_loops_ring,
          hellmonk_ecumenical_altar_dog_temple, chequers_serial_rivers_micro_c,
          minmay_misc_feat_hallway, nicolae_concentric_dashed_squares_mild,
          nicolae_figureground_sparkle
D:2:      layout_basic, uniq_terence, uniq_jessica
D:3:      layout_loops_ring
D:4:      layout_layer_cave, grunt_temple_overflow_open, enter_ossuary_3,
          uniq_edmund
D:5:      cheibrodos_fertilizer, layout_rooms, gammafunk_temple_of_torment,
          minmay_misc_feat_five, uniq_duvessa
D:6:      layout_loops_ring

Skill      XL: |  1  2  3  4  5  6  7  8  9 |
---------------+----------------------------+-----
Fighting       | 4 5 6 8 9 10 | 10.2
Axes           | 4 5 6 7 |  7.7
Armour         | 3 4 5 6 7 |  7.1
Dodging        | 3 4 5 6 |  6.5

Action                   |  1- 3 |  4- 6 |  7- 9 || total
-------------------------+-------+-------+-------++-------
Melee: Hand axe          |    83 |   117 |       ||   200
       Headbutt          |    14 |    19 |    36 ||    69
       Punch             |     1 |     2 |     2 ||     5
       War axe           |       |     4 |   144 ||   148
Invok: Berserk           |       |     2 |     2 ||     4
Armor: Animal skin       |     3 |       |       ||     3
       Chain mail        |    38 |    43 |    65 ||   146
Dodge: Dodged            |    49 |    51 |    86 ||   186
